 Dungeon Crawl Stone Soup version 0.20-a0-1008-g0de3dc5 (webtiles) character file.

36975 galech the Brawler (level 13, -9/123 HPs)
             Began as a Troll Monk on Apr 11, 2017.
             Was the Champion of Cheibriados.
             Mangled by a black mamba (12 damage)
             ... on level 1 of the Snake Pit on Apr 14, 2017.
             The game lasted 00:36:00 (14048 turns).

galech the Brawler (Troll Monk)                    Turns: 14048, Time: 00:36:00

Health: -9/123     AC: 13    Str: 41    XL:     13   Next: 55%
Magic:  17/17      EV: 20    Int: 23    God:    Cheibriados [******]
Gold:   1028       SH:  0    Dex: 27    Spells: 12/12 levels left

rFire    + . .     SeeInvis .     - Unarmed
rCold    + . .     Gourm    +   (no shield)
rNeg     . . .     Faith    .   D - +2 robe {rC+ rF+}
rPois    +         Spirit   .   M - +1 hat
rElec    .         Reflect  .   t - +2 cloak
rCorr    .         Harm     .   (gloves unavailable)
MR       .....                  (boots unavailable)
Stlth    ++++......             (no amulet)
Regen    0.7/turn               a - ring of poison resistance
MPRegen  0.2/turn               Y - +1 ring of evasion

@: very slow
A: unfitting armour, claws 3, yellow scales 1, blink, clever 1, fast metabolism
3, gourmand, regeneration 1, shaggy fur 1, tough skin 2, sturdy frame 1
a: Blink, Bend Time, Temporal Distortion, Slouch, Step From Time, Renounce
Religion


You were on level 1 of the Snake Pit.
You worshipped Cheibriados.
Cheibriados was exalted by your worship.
You were completely stuffed.

You visited 4 branches of the dungeon, and saw 16 of its levels.
You also visited: Volcano.

You collected 1028 gold pieces.

Inventory:

Armour
 t - a +2 cloak (worn)
 y - +0 steam dragon scales
 D - a +2 robe of resistance (worn)
 M - a +1 hat (worn)
 P - a +0 troll leather armour
Jewellery
 a - a ring of poison resistance (left claw)
 u - a +5 ring of intelligence
 C - an uncursed ring of protection from fire
 O - an uncursed ring of protection from fire
 Q - a +3 ring of intelligence
 V - a cursed -3 ring of protection {unknown}
 Y - a +1 ring of evasion (right claw)
Wands
 T - a wand of digging (14/24)
 Z - a wand of enslavement (13/24)
Scrolls
 e - 4 scrolls of random uselessness
 h - 4 scrolls of enchant weapon
 j - 4 scrolls of noise
 l - 5 scrolls of recharging
 n - 8 scrolls of remove curse
 q - 4 scrolls of teleportation
 v - 2 scrolls of amnesia
 x - 4 scrolls of fear
 E - 2 scrolls of enchant armour
 H - a scroll of silence
 L - 3 scrolls of fog
 N - a scroll of holy word
 R - a scroll of brand weapon
 W - a scroll of vulnerability {unknown}
Potions
 f - 2 potions of ambrosia {unknown}
 g - 5 potions of heal wounds {unknown}
 i - 4 potions of might
 k - 2 potions of haste
 m - 3 potions of degeneration {unknown}
 p - 5 potions of brilliance {unknown}
 s - a potion of mutation {unknown}
 w - 3 potions of agility {unknown}
 z - 3 potions of magic {unknown}
 A - 2 potions of resistance {unknown}
 B - 2 potions of lignification {unknown}
 I - 2 potions of flight
 K - a potion of berserk rage {unknown}
 S - a potion of invisibility {unknown}
Books
 o - a book of Cantrips

   Spells                             Type                      Level
   a - Confusing Touch                Hexes                        1
   b - Animate Skeleton               Necromancy                   1
   c - Summon Small Mammal            Summoning                    1
   d - Apportation                    Translocation                1
 G - a book of Callings

   Spells                             Type                      Level
   a - Summon Small Mammal            Summoning                    1
   b - Call Imp                       Summoning                    2
   c - Call Canine Familiar           Summoning                    3
   d - Summon Guardian Golem          Hexes/Summoning              3
   e - Summon Lightning Spire         Summoning/Air                4
   f - Summon Ice Beast               Ice/Summoning                4
 U - a book of Flames

   Spells                             Type                      Level
   a - Flame Tongue                   Conjuration/Fire             1
   b - Throw Flame                    Conjuration/Fire             2
   c - Conjure Flame                  Conjuration/Fire             3
   d - Inner Flame                    Hexes/Fire                   3
   e - Sticky Flame                   Conjuration/Fire             4
   f - Fireball                       Conjuration/Fire             5
 X - Bidel's Guide on Harmful Bewitchment
   (You found it on level 1 of the Snake Pit)

   Spells                             Type                      Level
   a - Shock                          Conjuration/Air              1
   b - Throw Flame                    Conjuration/Fire             2
   c - Confuse                        Hexes                        3
   d - Force Lance                    Conjuration/Translocation    4
Comestibles
 b - 19 bread rations
 c - 10 royal jellies
 d - 12 meat rations
 r - 21 fruits
 J - 3 chunks of flesh


   Skills:
 + Level 6.7 Fighting
 + Level 9.3 Dodging
 + Level 6.2 Stealth
 + Level 15.7 Unarmed Combat
 * Level 6.9 Invocations


You had 12 spell levels left.
You didn't know any spells.

Dungeon Overview and Level Annotations

Branches:
Dungeon (11/15)            Temple (1/1) D:5            Lair (3/6) D:11
  Swamp (0/4) Lair:3        Snake (1/4) Lair:3
    Orc: D:9-12

Altars:
Ashenzari
Cheibriados
Sif Muna
Trog
Zin

Shops:
D:7 (   D:8 :**:

Annotations:
D:2 Natasha


Innate Abilities, Weirdness & Mutations

You are too large for most types of armour.
You have claws for hands.
Your metabolism is lightning-fast.
You like to eat raw meat.
Your natural rate of healing is unusually fast.
You are covered in fur. (AC +1)
You have very tough skin. (AC +2)
You are partially covered in yellow scales. (AC +2)
You can translocate small distances at will.
Your mind is acute. (Int +2)
Your movements are slightly less encumbered by armour. (ER -2)


Message History

The naga sharpshooter is severely wounded.
The naga sharpshooter spits poison at you.
The splash of poison misses you.
You feel better.
The naga sharpshooter shoots an arrow.
The arrow barely misses you.
You hear an angry hiss.
You eviscerate the naga sharpshooter!!!
You kill the naga sharpshooter!
Cheibriados appreciates the change of pace.
A black mamba comes into view.
A naga mage comes into view. It is wielding a whip.
Things that are here:
3 bolts; a black mamba corpse The black mamba bites you but does no damage.
The black mamba bites you!
* * * LOW HITPOINT WARNING * * *
The black mamba misses you.
You see here 2 arrows.
The black mamba bites you!
You die...

#.# # #.# #. #
####.# #.#. #<...#
#.N.#### ####.###
#..^.$# #(..#
#.....#### ####.#
#.>..((S.# #.##.#
#...))##@# #.##.#
#....###.# #.##.#
#.... #.#
#######....# #####
#.#####.......####
#..........####
##########.# #.#
###


You could see a black mamba and a naga mage (wandering).

Vanquished Creatures
  Gastronok (Lair:3)
  The ghost of Meriados the Destroyer, a journeyman DrCj of Vehumet (Lair:3)
  A red draconian (Volcano)
  Josephine (D:10)
  2 hydras
  A centaur warrior (Volcano)
  An ogre mage (D:10)
  5 two-headed ogres
  A death yak (D:7)
  2 naga sharpshooters (Snake:1)
  An unseen horror (D:11)
  The ghost of Galewind the Thaumaturge, a novice DECj of Vehumet (D:8)
  Pikel (D:4)
  4 elephants (Lair:2)
  Maurice (D:8)
  A black mamba (Snake:1)
  3 spiny frogs
  The ghost of Lifeless the Pure, a novice DsAK of Lugonu (D:5)
  A gargoyle (D:10)
  2 yaktaurs (Volcano)
  5 komodo dragons
  8 polar bears
  3 trolls
  11 hippogriffs
  3 blink frogs (Lair:3)
  A wyvern (D:10)
  5 wraiths (D:10)
  15 yaks
  A basilisk (D:11)
  A hog (D:7)
  2 steam dragons
  5 nagas
  Menkaure (D:5)
  Duvessa (D:5)
  8 water moccasins
  2 orc warriors
  3 porcupines
  4 black bears
  2 ice beasts
  2 sky beasts
  5 ogres
  An eye of draining (D:10)
  The ghost of Malvoorn the Skirmisher, an amateur DsAK of Lugonu (D:3)
  A necrophage (D:11)
  12 wolves
  11 centaurs
  7 crocodiles
  2 big kobolds
  Blork the orc (D:4)
  10 bullfrogs
  A wyvern zombie (D:11)
  Dowan (D:5)
  7 scorpions
  6 killer bees
  7 wights
  5 howler monkeys
  2 electric eels (Lair:1)
  4 crimson imps
  3 centaur zombies
  3 quasits
  12 hounds
  9 orc priests
  2 jellies
  2 centaur skeletons
  Natasha (D:2)
  3 iguanas
  11 orc wizards
  9 worker ants
  2 killer bee zombies
  2 hound zombies (D:5)
  2 howler monkey skeletons
  A worker ant zombie (D:8)
  4 gnolls
  18 adders
  3 shadow imps
  4 adder zombies
  3 oozes
  An adder skeleton (D:9)
  2 worms (D:2)
  A dart slug (D:1)
  5 leopard geckos
  47 orcs
  2 ball pythons
  7 bats
  8 giant cockroaches
  7 goblins
  6 hobgoblins
  20 jackals
  4 quokkas
  4 frilled lizards
  A giant cockroach zombie (D:5)
  11 kobolds
  4 rats
  25 plants
448 creatures vanquished.

Vanquished Creatures (others)
  An orc wizard (D:5)
  2 fungi (Lair:2)
  4 plants
7 creatures vanquished.

Grand Total: 455 creatures vanquished

Notes
Turn   | Place    | Note
-------+----------+-------------------------------------------
     0 | D:1      | galech the Troll Monk began the quest for the Orb.
     0 | D:1      | Reached XP level 1. HP: 23/23 MP: 0/0
   262 | D:1      | Reached XP level 2. HP: 28/31 MP: 1/1
   645 | D:1      | Reached skill level 1 in Unarmed Combat
   760 | D:2      | Reached XP level 3. HP: 35/37 MP: 2/2
  1089 | D:2      | Noticed Natasha
  1097 | D:2      | Killed Natasha
  1097 | D:2      | Reached XP level 4. HP: 44/45 MP: 3/3
  1279 | D:2      | Noticed Natasha
  1289 | D:2      | Reached skill level 2 in Unarmed Combat
  1548 | D:2      | Upgraded the game from 0.20-a0-993-gba41c3c to 0.20-a0-1008-g0de3dc5
  1892 | D:3      | Reached skill level 3 in Unarmed Combat
  1892 | D:3      | Reached XP level 5. HP: 53/53 MP: 4/4
  2085 | D:3      | Noticed Malvoorn's ghost (amateur DsAK)
  2104 | D:3      | Killed Malvoorn's ghost
  2320 | D:3      | Reached XP level 6. HP: 62/62 MP: 5/5
  2447 | D:3      | Reached skill level 4 in Unarmed Combat
  2660 | D:4      | Noticed Dowan
  2662 | D:4      | Noticed Duvessa
  2675 | D:5      | Entered Level 5 of the Dungeon
  2765 | D:5      | Killed Duvessa
  2765 | D:5      | Reached XP level 7. HP: 53/68 MP: 6/6
  2783 | D:5      | Reached skill level 5 in Unarmed Combat
  2788 | D:5      | Killed Dowan
  2923 | D:4      | Noticed Blork the orc
  2930 | D:4      | Killed Blork the orc
  3046 | D:4      | Noticed Pikel
  3073 | D:4      | Killed Pikel
  3073 | D:4      | Reached skill level 5 in Dodging
  3073 | D:4      | Reached skill level 7 in Unarmed Combat
  3073 | D:4      | Reached XP level 8. HP: 9/79 MP: 7/7
  3425 | D:5      | Noticed Lifeless's ghost (novice DsAK)
  3447 | D:5      | Killed Lifeless's ghost
  3447 | D:5      | Reached skill level 8 in Unarmed Combat
  3499 | D:5      | Reached XP level 9. HP: 81/85 MP: 8/8
  3522 | D:5      | Found a bloodstained altar of Trog.
  3545 | D:5      | Gained mutation: Your movements are slightly less encumbered by armour. (ER -2) [mutagenic meat]
  3546 | D:5      | Gained mutation: Your mind is acute. (Int +2) [mutagenic meat]
  3547 | D:5      | Gained mutation: You are partially covered in yellow scales. (AC +2) [mutagenic meat]
  3550 | D:5      | Gained mutation: You can translocate small distances at will. [mutagenic meat]
  3657 | D:5      | Noticed Menkaure
  3659 | D:5      | Killed Menkaure
  3762 | D:5      | Found a staircase to the Ecumenical Temple.
  3767 | Temple   | Entered the Ecumenical Temple
  3774 | Temple   | Became a worshipper of Cheibriados the Contemplative
  3774 | Temple   | Reached * piety under Cheibriados
  3774 | Temple   | Reached ** piety under Cheibriados
  4222 | D:6      | Reached skill level 9 in Unarmed Combat
  5069 | D:7      | Reached *** piety under Cheibriados
  5409 | D:7      | Reached skill level 10 in Unarmed Combat
  5427 | D:7      | Found Ecsihaat's Antique Weapon Shoppe.
  5440 | D:7      | Found a huge runed gate.
  5441 | D:7      | Found a huge runed gate.
  5442 | D:7      | Found a huge runed gate.
  5443 | D:7      | Noticed a polar bear
  5443 | D:7      | Found a huge runed gate.
  5443 | D:7      | Noticed a polar bear
  5443 | D:7      | Noticed a polar bear
  5443 | D:7      | Noticed a polar bear
  5443 | D:7      | Noticed a polar bear
  5444 | D:7      | Noticed a polar bear
  5444 | D:7      | Noticed a polar bear
  5444 | D:7      | Noticed a death yak
  5891 | D:8      | Noticed Galewind's ghost (novice DECj)
  5912 | D:8      | Killed Galewind's ghost
  5912 | D:8      | Reached XP level 10. HP: 51/94 MP: 9/9
  5948 | D:8      | Noticed Maurice
  5960 | D:8      | Killed Maurice
  5960 | D:8      | Reached skill level 5 in Fighting
  5969 | D:8      | Found Oluggosa's Assorted Antiques.
  5975 | D:8      | Found Faoneur's Book Boutique.
  6010 | D:8      | Found Hedec's Book Boutique.
  6211 | D:8      | Found Keotud's Book Emporium.
  6247 | D:8      | Noticed a two-headed ogre
  6248 | D:8      | Reached skill level 11 in Unarmed Combat
  6249 | D:8      | Reached **** piety under Cheibriados
  6255 | D:8      | Killed a two-headed ogre
  6345 | D:8      | Found Nezxasae's General Store.
  6459 | D:8      | Found a deep blue altar of Sif Muna.
  6968 | D:9      | Reached skill level 5 in Stealth
  7250 | D:10     | Entered Level 10 of the Dungeon
  7258 | D:10     | Reached skill level 1 in Invocations
  7292 | D:10     | Noticed Josephine
  7296 | D:10     | Reached skill level 12 in Unarmed Combat
  7318 | D:10     | Killed Josephine
  7318 | D:10     | Reached ***** piety under Cheibriados
  7318 | D:10     | Reached XP level 11. HP: 94/102 MP: 11/11
  8116 | D:10     | Noticed an ogre mage
  8118 | D:10     | Noticed a two-headed ogre
  8118 | D:10     | Noticed a two-headed ogre
  8118 | D:10     | Noticed a two-headed ogre
  8122 | D:10     | Killed an ogre mage
  8124 | D:10     | Killed a two-headed ogre
  8127 | D:10     | Killed a two-headed ogre
  8130 | D:10     | Killed a two-headed ogre
  8130 | D:10     | Reached skill level 13 in Unarmed Combat
  9260 | D:11     | Noticed a two-headed ogre
  9272 | D:11     | Killed a two-headed ogre
  9467 | D:11     | Reached XP level 12. HP: 54/111 MP: 14/14
  9954 | D:11     | Reached ****** piety under Cheibriados
 10090 | D:11     | Found a staircase to the Lair.
 10323 | Lair:1   | Entered Level 1 of the Lair of Beasts
 10469 | Lair:1   | Noticed a five-headed hydra
 10477 | Lair:1   | Killed a nine-headed hydra
 10477 | Lair:1   | Reached skill level 14 in Unarmed Combat
 10477 | Lair:1   | Reached skill level 5 in Invocations
 11749 | Lair:3   | Found a staircase to the Snake Pit.
 11789 | Lair:3   | Found a staircase to the Swamp.
 11807 | Lair:3   | Noticed Meriados's ghost (journeyman DrCj)
 11911 | Lair:3   | Found a dark tunnel.
 11916 | Volcano  | Entered a volcano
 11933 | Volcano  | Noticed a centaur warrior
 11936 | Volcano  | Found a burning altar of Makhleb.
 11944 | Volcano  | Killed a centaur warrior
 11949 | Volcano  | Noticed a red draconian
 11968 | Volcano  | HP: 3/114 [red draconian/flail of flaming (4)]
 11971 | Volcano  | Killed a red draconian
 12194 | Lair:3   | Noticed Gastronok
 12205 | Lair:3   | Killed Gastronok
 12205 | Lair:3   | Reached XP level 13. HP: 103/120 MP: 16/16
 12246 | Lair:3   | Killed Meriados's ghost
 12246 | Lair:3   | Reached skill level 15 in Unarmed Combat
 12502 | Lair:3   | HP: 2/120 [11-headed hydra (9)]
 13995 | Snake:1  | Entered Level 1 of the Snake Pit
 14015 | Snake:1  | Identified Bidel's Guide on Harmful Bewitchment
 14041 | Snake:1  | HP: 2/123 [naga sharpshooter/arrow (22)]
 14047 | Snake:1  | HP: 2/123 [black mamba (13)]
 14048 | Snake:1  | Mangled by a black mamba

Vault maps used:
D:1:      roderic_octagonal_star
D:2:      uniq_natasha
D:3:      wad_crossroads, first_bread, dk_vineyard_1
D:4:      uniq_pikel, uniq_duvessa, uniq_blork_the_orc
D:5:      minmay_temple_entry_steel_oval, supply_closet_lemuel,
          trog_hazing_becter, uniq_menkaure
D:7:      lemuel_bear_cage, serial_shops, nicolae_shop_behind_doors
D:8:      lemuel_doored_altar, serial_shops, shop_fountains, shop, shop_statue,
          shop_fountains, nicolae_shop_waterfront, grunt_ogre_cave, uniq_maurice
D:10:     wad_woods_structure_01, minivault_11, kennysheep_generic_room_13,
          uniq_josephine
D:11:     kennysheep_blocky_hall, erik_lair_dragon
Temple:   minmay_crystal_snake_temple
Lair:1:   serial_bayou_lake_a
Lair:3:   swamp_mist, minmay_snake_entry_guardpost_small, enter_volcano_1,
          serial_bayou_shore_a, uniq_gastronok
Snake:1:  uniq_louise, uniq_aizul
Volcano:  kennysheep_volcano_temple

Skill      XL: |  1  2  3  4  5  6  7  8  9 10 11 12 13 |
---------------+----------------------------------------+-----
Unarmed Combat | 1 3 4 7 8 10 12 13 14 15 | 15.7
Dodging        | 4 5 6 7 8 9 |  9.3
Fighting       | 4 5 6 |  6.7
Stealth        | 3 4 5 6 |  6.2
Invocations    | 2 4 6 |  6.9

Action                   |  1- 3 |  4- 6 |  7- 9 | 10-12 | 13-15 || total
-------------------------+-------+-------+-------+-------+-------++-------
Melee: Unarmed           |   134 |   180 |   293 |   619 |   140 ||  1366
       Punch             |       |     3 |     9 |    72 |    17 ||   101
  Use: Scroll            |       |     6 |     2 |    10 |     3 ||    21
       Potion            |       |       |     3 |     2 |     1 ||     6
 Stab: Sleeping          |     7 |     3 |    10 |    21 |       ||    41
       Distracted        |       |     1 |       |     2 |     1 ||     4
  Eat: Chunk             |    16 |    15 |    23 |    47 |    13 ||   114
Armor: Robe              |    64 |    78 |   112 |   159 |    48 ||   461
Dodge: Dodged            |   115 |   144 |   185 |   477 |   195 ||  1116
